[Event "Titled Tuesday Blitz April 05 Late 2022"]
[White "Sevian, Samuel"]
[Black "Koziorowicz, Michal"]
[WhiteFideId "2040506"]
[BlackFideId "21809194"]
[WhiteElo "2698"]
[BlackElo "2235"]
[Result "1-0"]
[Round "03"]
[TimeControl "180+1"]
[Date "2022.04.05"]
[WhiteClock "0:01:53"]
[BlackClock "0:00:40"]

1. f4 g6 2. Nf3 Bg7 3. e4 c5 4. Nc3 Nc6 5. Bc4 e6 6. O-O Nge7 7. e5 O-O 8. d3 a6 9. a4 d5 10. exd6 Nf5 11. Ne4 Nxd6 12. Nxd6 Qxd6 13. c3 Rb8 14. a5 Rd8 15. Be3 b5 16. axb6 Rxb6 17. Qc2 Ne7 18. Qf2 Rc6 19. Ng5 Nf5 20. Ne4 Qb8 21. Bxc5 Bb7 22. d4 Rcc8 23. Rae1 Bxe4 24. Rxe4 Nd6 25. Bxd6 Rxd6 26. Bd3 Rb6 27. Re2 a5 28. h4 h5 29. g4 hxg4 30. h5 gxh5 31. Qh2 f5 32. Qxh5 Rxb2 33. Rxe6 Qb7 34. Re8+ Rxe8 35. Qxe8+ Bf8 36. Bc4+ Kh7 37. Qh5+ Kg7 38. Qg5+ Kh8 39. Qg8# 1-0


[Site "https://www.chess.com"]

[Event "Titled Tuesday Blitz April 05 Late 2022"]
[White "Shapiro, David"]
[Black "Davtyan, David Arm."]
[WhiteFideId "24133523"]
[BlackFideId "13310046"]
[WhiteElo "2320"]
[BlackElo "2158"]
[Result "1-0"]
[Round "03"]
[TimeControl "180+1"]
[Date "2022.04.06"]
[WhiteClock "0:01:54"]
[BlackClock "0:02:32"]

1. d4 Nf6 2. Nc3 d5 3. Bf4 a6 4. e3 Bf5 5. f3 e6 6. g4 Bg6 7. h4 h5 8. g5 Nfd7 9. Bd3 Bxd3 10. Qxd3 g6 11. e4 c6 12. Nge2 Bg7 13. O-O-O b5 14. Ng3 Nb6 15. Rde1 N8d7 16. exd5 cxd5 17. Rxe6+ fxe6 18. Qxg6+ Kf8 19. Bd6+ Kg8 20. Qxe6+ Kh7 21. g6+ Kh6 22. Nf5# 1-0


[Site "https://www.chess.com"]

[Event "Titled Tuesday Blitz April 05 Late 2022"]
[White "Stoenescu, Radu"]
[Black "Mkrtchyan, Mariam"]
[WhiteFideId "610143"]
[BlackFideId "13310828"]
[WhiteElo "1945"]
[BlackElo "1984"]
[Result "0-1"]
[Round "03"]
[TimeControl "180+1"]
[Date "2022.04.06"]
[WhiteClock "0:00:31"]
[BlackClock "0:01:08"]

1. e4 c6 2. d4 d5 3. Nd2 dxe4 4. Nxe4 Nf6 5. Nxf6+ exf6 6. c3 Bd6 7. Bd3 O-O 8. Ne2 Re8 9. Qc2 h5 10. Be3 Nd7 11. Bh7+ Kh8 12. Bf5 b5 13. Ng3 Nb6 14. Bxc8 Qxc8 15. Nxh5 Nd5 16. Qd3 f5 17. g3 g6 18. Nf4 Bxf4 19. gxf4 Nxf4 20. Qd2 Ng2+ 21. Kd1 f4 22. Bxf4 Qg4+ 23. f3 Qxf3+ 24. Kc1 Nxf4 25. Rd1 Re2 0-1


[Site "https://www.chess.com"]

[Event "Titled Tuesday Blitz April 05 Late 2022"]
[White "Svane, Frederik"]
[Black "Ezat, Mohamed"]
[WhiteFideId "12923044"]
[BlackFideId "10600906"]
[WhiteElo "2459"]
[BlackElo "2386"]
[Result "1-0"]
[Round "03"]
[TimeControl "180+1"]
[Date "2022.04.05"]
[WhiteClock "0:00:49"]
[BlackClock "0:01:19"]

1. e4 c6 2. Nf3 d5 3. exd5 cxd5 4. d4 Nc6 5. c3 Bg4 6. h3 Bh5 7. Qb3 Qd7 8. Ne5 Nxe5 9. dxe5 a6 10. c4 dxc4 11. Bxc4 e6 12. O-O Ne7 13. g4 Bg6 14. Rd1 Qc7 15. Be3 Nc6 16. Nd2 Na5 17. Qc3 Nxc4 18. Nxc4 Be7 19. Nd6+ Bxd6 20. exd6 Qxc3 21. d7+ Ke7 22. bxc3 Be4 23. Bc5+ Kf6 24. Bb6 Rhd8 25. Rd4 Bd5 26. c4 Bc6 27. Rad1 Ke7 28. Bc5+ Kf6 29. h4 b5 30. Rf4+ Kg6 31. h5+ Kh6 32. Rxf7 bxc4 33. Be3+ g5 34. Bd4 Rg8 35. Rf6+ Kg7 36. Rf5+ Kh6 37. Rf6+ Kg7 38. h6+ Kh8 39. Rf8+ 1-0


[Site "https://www.chess.com"]

[Event "Titled Tuesday Blitz April 05 Late 2022"]
[White "Sydoryka, Vladyslav"]
[Black "Hoffmann, Asa"]
[WhiteFideId "14145928"]
[BlackFideId "2001470"]
[WhiteElo "2283"]
[BlackElo "2117"]
[Result "1-0"]
[Round "03"]
[TimeControl "180+1"]
[Date "2022.04.06"]
[WhiteClock "0:00:14"]
[BlackClock "0:00:09"]

1. c4 Nf6 2. g3 c6 3. Bg2 d6 4. Nf3 e5 5. O-O Be7 6. Nc3 Be6 7. d3 h6 8. Rb1 Qd7 9. Re1 O-O 10. b4 Bh3 11. Bh1 Re8 12. b5 Bf8 13. bxc6 Nxc6 14. Qa4 Rac8 15. Nd5 Nh7 16. Ba3 b6 17. Nb4 Nxb4 18. Qxd7 Bxd7 19. Bxb4 Bc6 20. Nd2 Nf6 21. Bxc6 Rxc6 22. e4 Rec8 23. Nf1 a6 24. a4 b5 25. axb5 axb5 26. cxb5 Rb6 27. Ba5 Rb7 28. Ne3 Ra8 29. Nc4 Nd7 30. Red1 Nc5 31. Kf1 g6 32. f3 f5 33. exf5 gxf5 34. d4 Ne6 35. dxe5 dxe5 36. Rd5 Nd4 37. Rxe5 Nxf3 38. Rxf5 Nd4 39. Rd5 Bg7 40. Bc3 Rf8+ 41. Kg2 Nf5 42. Bxg7 Kxg7 43. Rf1 Ne7 44. Rxf8 Kxf8 45. Rd2 Nf5 46. Rf2 Rxb5 47. Nd6 Rd5 48. Rxf5+ Rxf5 49. Nxf5 h5 50. Kh3 Kf7 51. Kh4 Kg6 52. Ne7+ Kf7 53. Nd5 Kg6 54. Nf4+ Kh6 55. Nxh5 Kh7 56. Nf4 Kh6 57. g4 Kg7 58. Kg5 Kh7 59. h4 Kg7 60. h5 Kh7 61. h6 Kg8 62. Kg6 Kh8 63. Ne6 Kg8 64. Nd8 Kh8 65. Nf7+ Kg8 66. h7+ Kf8 67. h8=Q+ Ke7 68. Qd8+ 1-0


[Site "https://www.chess.com"]

[Event "Titled Tuesday Blitz April 05 Late 2022"]
[White "Tang, Andrew"]
[Black "Goryachkina, Aleksandra"]
[WhiteFideId "2059630"]
[BlackFideId "4147103"]
[WhiteElo "2584"]
[BlackElo "2426"]
[Result "1-0"]
[Round "03"]
[TimeControl "180+1"]
[Date "2022.04.05"]
[WhiteClock "0:00:03"]
[BlackClock "0:00:02"]

1. d4 Nf6 2. c4 e6 3. Nc3 d5 4. cxd5 exd5 5. Bg5 c6 6. e3 h6 7. Bh4 Be7 8. Bd3 Ne4 9. Bxe7 Qxe7 10. Nge2 O-O 11. O-O Nd6 12. Qc2 Nd7 13. Rad1 Nf6 14. Ng3 Bg4 15. Rde1 Nh5 16. Nh1 Be6 17. f3 f5 18. Nf2 Nf6 19. Ne2 Qf7 20. Ng3 Nh5 21. Nxh5 Qxh5 22. Nh3 Rae8 23. Qf2 Qf7 24. Qg3 Qd7 25. Nf4 Bf7 26. Re2 Kh8 27. Bb1 Nc4 28. Rfe1 c5 29. b3 Na3 30. dxc5 d4 31. Qf2 g5 32. Nd3 dxe3 33. Rxe3 Rxe3 34. Qxe3 Re8 35. Ne5 1-0


[Site "https://www.chess.com"]

[Event "Titled Tuesday Blitz April 05 Late 2022"]
[White "Tarigan, Gilbert Elroy"]
[Black "Al-Tarboush, Ward"]
[WhiteFideId "7108133"]
[BlackFideId "7601450"]
[WhiteElo "1908"]
[BlackElo "2276"]
[Result "1/2-1/2"]
[Round "03"]
[TimeControl "180+1"]
[Date "2022.04.06"]
[WhiteClock "0:00:08"]
[BlackClock "0:00:50"]

1. e4 e6 2. d4 d5 3. Nc3 Nf6 4. Bg5 dxe4 5. Nxe4 Be7 6. Nxf6+ Bxf6 7. Bxf6 Qxf6 8. Nf3 O-O 9. Bd3 c5 10. c3 cxd4 11. Nxd4 e5 12. Nc2 e4 13. Be2 Nc6 14. O-O Bf5 15. Ne3 Rad8 16. Qb3 b6 17. Rad1 Ne5 18. Qa4 a5 19. Nd5 Qe6 20. Qb5 Bg4 21. Bxg4 Nxg4 22. h3 e3 23. fxe3 Nxe3 24. Nxe3 Qxe3+ 25. Kh1 Rxd1 26. Rxd1 Re8 27. Qd3 Qe6 28. Qd5 Qf6 29. Qd7 Rf8 30. Qd4 Qe6 31. c4 h5 32. Qd5 Qg6 33. Qd6 Qc2 34. Rd2 Qxc4 35. b3 Qc1+ 36. Kh2 Re8 37. Rd5 h4 38. Rh5 Qe1 39. Qf4 Re4 40. Qb8+ Re8 41. Qf4 g6 42. Rxh4 Qa1 43. Qd4 Qxd4 44. Rxd4 Re6 45. Kg3 Kg7 46. Rd7 Re2 47. Rb7 Rxa2 48. Rxb6 Rb2 49. Rb5 Kf6 50. Rb6+ Ke5 51. Rb5+ Ke4 52. Rxa5 Rxb3+ 53. Kh2 f5 54. Ra4+ Ke3 55. Ra6 g5 56. Rg6 Kf4 57. Ra6 g4 58. Ra4+ Kg5 59. hxg4 fxg4 60. Ra8 Kh4 61. Rh8+ Kg5 62. Rg8+ Kf4 63. Rf8+ Kg5 64. Rg8+ Kf4 65. Rf8+ Kg5 66. Rg8+ 1/2-1/2


[Site "https://www.chess.com"]

[Event "Titled Tuesday Blitz April 05 Late 2022"]
[White "Tristan, Leonardo"]
[Black "Mikhalsky, Vladimir"]
[WhiteFideId "113816"]
[BlackFideId "14144352"]
[WhiteElo "2404"]
[BlackElo "2301"]
[Result "1-0"]
[Round "03"]
[TimeControl "180+1"]
[Date "2022.04.06"]
[WhiteClock "0:01:08"]
[BlackClock "0:00:06"]

1. d4 Nf6 2. Nf3 g6 3. Bf4 Bg7 4. e3 O-O 5. Be2 d6 6. O-O b6 7. h3 Bb7 8. Bh2 Nfd7 9. a4 a6 10. Nbd2 e5 11. c3 e4 12. Ne1 Re8 13. Qb3 Nc6 14. Nc2 Nf6 15. a5 b5 16. c4 Na7 17. cxb5 Nxb5 18. Nb4 c5 19. Nc2 Bd5 20. Bc4 Bxc4 21. Nxc4 d5 22. Nb6 c4 23. Qa4 Ra7 24. Nb4 Re6 25. Nxa6 Nxd4 26. Nc5 Rxb6 27. axb6 Rxa4 28. b7 Ne2+ 29. Kh1 Rxa1 30. Rxa1 c3 31. bxc3 1-0


[Site "https://www.chess.com"]

[Event "Titled Tuesday Blitz April 05 Late 2022"]
[White "Urbina Perez, Juan Antonio"]
[Black "Piesik, Piotr"]
[WhiteFideId "2217368"]
[BlackFideId "1136194"]
[WhiteElo "2192"]
[BlackElo "2190"]
[Result "0-1"]
[Round "03"]
[TimeControl "180+1"]
[Date "2022.04.06"]
[WhiteClock "0:00:12"]
[BlackClock "0:00:08"]

1. e4 g6 2. d4 Bg7 3. Nf3 c6 4. Bd3 d5 5. Nbd2 Bg4 6. h3 Bxf3 7. Qxf3 Bxd4 8. O-O e6 9. Re1 Ne7 10. c3 Bg7 11. Nb3 O-O 12. Bg5 Re8 13. Bf6 Bxf6 14. Qxf6 Nd7 15. Qh4 Kg7 16. Rad1 Ng8 17. Qg3 Qb8 18. Qf3 Ne5 19. Qe2 Nxd3 20. Qxd3 Nf6 21. e5 Nd7 22. f4 Qc7 23. Nd4 Nc5 24. Qg3 Ne4 25. Qh4 Qe7 26. Qg4 h5 27. Qe2 a6 28. Nf3 b5 29. Rd4 c5 30. Rxe4 dxe4 31. Ng5 f5 32. exf6+ Qxf6 33. Qxe4 e5 34. Qb7+ Qe7 35. Qf3 c4 36. Rxe5 Qa7+ 37. Kh2 Rxe5 38. fxe5 Qe7 39. e6 Rf8 40. Qe3 Rf5 41. h4 Qd6+ 42. Kh3 Qc5 43. Qe4 Qe7 44. Qd4+ Kg8 45. Qe4 Rf6 46. Qa8+ Kg7 47. Qe4 Rf8 48. Qd4+ Kg8 49. Qe4 Qf6 50. Qb7 Qf5+ 51. Kh2 Qe5+ 52. Kg1 Qe1+ 53. Kh2 Qxh4+ 54. Nh3 Qf6 55. Qd5 Re8 56. Ng5 Rd8 57. e7+ Rxd5 58. e8=Q+ Kg7 59. Ne6+ Kh6 60. Nd4 Qe5+ 61. Qxe5 Rxe5 62. Nf3 Re2 63. Kg3 Rxb2 64. Kf4 Rxa2 65. g4 hxg4 66. Ne5 Rc2 67. Nxg4+ Kg7 68. Ne3 Rxc3 69. Nd5 Rc1 70. Ne7 c3 71. Nc6 c2 72. Ne5 Rf1+ 0-1


[Site "https://www.chess.com"]

[Event "Titled Tuesday Blitz April 05 Late 2022"]
[White "VengoDelFuturo"]
[Black "P., Komal Kishore"]
[BlackFideId "5016703"]
[WhiteElo "2350"]
[BlackElo "2078"]
[Result "1-0"]
[Round "03"]
[TimeControl "180+1"]
[Date "2022.04.06"]
[WhiteClock "0:01:06"]
[BlackClock "0:01:26"]

1. e4 c6 2. c4 d5 3. exd5 cxd5 4. cxd5 Qxd5 5. Nc3 Qd8 6. d4 e6 7. Nf3 Nf6 8. Bd3 Be7 9. O-O O-O 10. Re1 a6 11. a3 b5 12. Ne5 Bb7 13. Re3 Nbd7 14. Rh3 Re8 15. Bxh7+ Nxh7 16. Qh5 Ndf8 17. Qxf7+ Kh8 18. Ng6+ Nxg6 19. Qxg6 Bh4 20. g3 Qxd4 21. Rxh4 1-0


[Site "https://www.chess.com"]

[Event "Titled Tuesday Blitz April 05 Late 2022"]
[White "Vovk, Orest"]
[Black "Czopor, Maciej"]
[WhiteFideId "14113490"]
[BlackFideId "21805431"]
[WhiteElo "2203"]
[BlackElo "1999"]
[Result "1/2-1/2"]
[Round "03"]
[TimeControl "180+1"]
[Date "2022.04.06"]
[WhiteClock "0:00:07"]
[BlackClock "0:00:02"]

1. h4 d5 2. h5 h6 3. e4 dxe4 4. Nc3 Nf6 5. Qe2 Bf5 6. Qb5+ Bd7 7. Qxb7 Bc6 8. Bb5 Bxb5 9. Nxb5 Na6 10. Qxa6 Rb8 11. Qc6+ Qd7 12. Nxc7+ Kd8 13. Qxd7+ Kxd7 14. Na6 Rb5 15. a4 Rf5 16. b4 e6 17. Bb2 Be7 18. Bxf6 Bxf6 19. c3 Ke7 20. Nc5 Rg5 21. Nxe4 Rxg2 22. Nxf6 Kxf6 23. Nf3 Rg4 24. Kf1 Rd8 25. Re1 Rf4 26. Re3 Rd5 27. Ke2 e5 28. d4 exd4 29. Nxd4 a6 30. Rf3 Ke5 31. Rxf4 Kxf4 32. Rg1 Rxh5 33. Rxg7 f5 34. Ra7 Rh3 35. Rxa6 h5 36. Ra5 Rxc3 37. Nxf5 Rc2+ 38. Kf1 Rb2 39. Ne3 h4 40. Rf5+ Ke4 41. Kg2 Rxb4 42. Rh5 Kd3 43. a5 Ra4 44. a6 Rxa6 45. Rxh4 Rg6+ 46. Rg4 Rf6 47. Kg3 Ke2 48. Nc4 Rf3+ 49. Kh4 Rxf2 50. Ne5 Rf5 51. Ng6 Kd2 52. Ra4 Rb5 53. Kg4 Kc3 54. Nf4 Rb4 55. Ra8 Kc2 56. Kf3 Rb3+ 57. Ke2 Rb7 58. Rc8+ Kb3 59. Nd3 Rh7 60. Rc6 Rh2+ 61. Ke3 Rh3+ 62. Ke4 Rh4+ 63. Nf4 Kb4 64. Rc8 Kb5 65. Rf8 Kc6 66. Rf5 Kb6 67. Kd5 Rh1 68. Ne6 Rd1+ 69. Nd4 Kb7 70. Rf6 Kc7 71. Rh6 Kb7 72. Kc5 Rc1+ 73. Kd6 Rd1 74. Rh4 Rd2 75. Ke5 Rd1 76. Rh6 Re1+ 77. Kd5 Rd1 78. Rg6 Kc7 79. Kc4 Rc1+ 80. Kb4 Rb1+ 81. Nb3 Kd7 82. Rh6 Ke7 83. Kc4 Kf7 84. Ra6 Ke7 85. Nd4 Rc1+ 86. Kd5 Rd1 87. Rb6 Kf7 88. Ke5 Re1+ 89. Kf4 Rf1+ 90. Nf3 Ke7 91. Ke4 Kd7 92. Kd5 Kc7 93. Rf6 Rd1+ 94. Nd4 Kb7 95. Rf7+ Kb6 96. Rh7 Rd2 97. Rh6+ Kb7 98. Kc5 Rd1 99. Rh7+ Kb8 1/2-1/2


[Site "https://www.chess.com"]

[Event "Titled Tuesday Blitz April 05 Late 2022"]
[White "Vusatiuk, Vladimir"]
[Black "Girsh, Daniel"]
[WhiteFideId "14118610"]
[BlackFideId "30949190"]
[WhiteElo "2157"]
[BlackElo "2308"]
[Result "1-0"]
[Round "03"]
[TimeControl "180+1"]
[Date "2022.04.06"]
[WhiteClock "0:00:07"]
[BlackClock "0:00:19"]

1. d4 Nf6 2. Bg5 d5 3. Bxf6 exf6 4. e3 Be6 5. Nf3 c5 6. c3 Nc6 7. Bd3 Qb6 8. Qc1 Rc8 9. O-O Be7 10. Nbd2 O-O 11. dxc5 Bxc5 12. Nb3 Bd6 13. Nbd4 Ne5 14. Be2 Rfe8 15. Qc2 g6 16. Rfd1 a6 17. h3 Qc7 18. a4 Qd7 19. a5 Kg7 20. Nxe6+ fxe6 21. e4 Bb8 22. Nxe5 Bxe5 23. exd5 exd5 24. Bf3 d4 25. Qb3 Rcd8 26. cxd4 Bxd4 27. Ra4 Qe7 28. Qc2 Ba7 29. Rxd8 Rxd8 30. Re4 Qd6 31. Qc1 Rd7 32. Re1 Qd4 33. Rf1 Bc5 34. b3 Rc7 35. Qb1 Bd6 36. Qa2 Qf4 37. Rd1 Qh2+ 38. Kf1 Re7 39. g3 Bxg3 40. Bg2 Be5 41. Qc2 Qf4 42. Qc4 Bd4 43. Qc2 Rc7 44. Qe2 Kh6 45. Qf3 Qxf3 46. Bxf3 Be5 47. Be4 Rc3 48. Bd5 Rc5 49. Kg2 Rxa5 50. Bc4 Rc5 51. Rd7 Rc7 52. Rd8 b5 53. Bg8 Kg5 54. Ra8 h5 55. Rxa6 Rc3 56. Rb6 h4 57. Rb7 b4 58. Bc4 Bd6 59. Rg7 f5 60. Bb5 Rc5 61. Be8 Rc3 62. Rxg6+ Kf4 63. Rxd6 Rxb3 64. Bf7 Rc3 65. Rb6 b3 66. Rb4+ Kg5 67. Rxb3 Rc6 68. Bd5 Rf6 69. Bf3 Kf4 70. Rb4+ Kg5 71. Rc4 f4 72. Rc5+ Rf5 73. Rxf5+ Kxf5 74. Bg4+ Ke4 75. Kf1 f3 76. Ke1 Kf4 77. Kd2 Ke4 78. Kc3 Kf4 79. Kd3 Kg5 80. Ke3 Kf6 81. Kxf3 Kg5 82. Ke3 Kf6 83. f4 Kg6 84. Ke4 Kf6 85. f5 Kf7 86. Ke5 Ke7 87. f6+ Kf7 88. Bh5+ Kg8 89. f7+ Kh7 90. Kf6 Kh6 91. f8=Q+ Kxh5 92. Qh8# 1-0


[Site "https://www.chess.com"]

[Event "Titled Tuesday Blitz April 05 Late 2022"]
[White "Wesolowska, Hanna"]
[Black "Weetik, Vjacheslav"]
[WhiteFideId "1104683"]
[BlackFideId "4153472"]
[WhiteElo "2368"]
[BlackElo "2469"]
[Result "0-1"]
[Round "03"]
[TimeControl "180+1"]
[Date "2022.04.06"]
[WhiteClock "0:00:23"]
[BlackClock "0:00:11"]

1. e4 c6 2. d4 d5 3. Nc3 dxe4 4. Nxe4 Bf5 5. Ng3 Bg6 6. Nh3 e6 7. Nf4 Bd6 8. h4 Qc7 9. Nfh5 Bxh5 10. Nxh5 g6 11. Ng7+ Kf8 12. Nh5 Qa5+ 13. Bd2 Qxh5 14. Be2 Qf5 15. g4 Qf6 16. Bg5 Qg7 17. c3 h6 18. Be3 Nf6 19. Qb3 b6 20. Bf3 Nd5 21. O-O-O Nd7 22. c4 Nxe3 23. fxe3 Rc8 24. Qa4 Rc7 25. Bxc6 Ke7 26. d5 Ne5 27. Rhf1 Nxc6 28. dxc6 Qe5 29. Kb1 Rhc8 30. h5 g5 31. Qc2 Qg7 32. Qd3 Rxc6 33. b3 Kf8 34. Rf2 Kg8 35. Rdf1 R8c7 36. Rd1 a6 37. Qe4 Bf8 38. Rd8 b5 39. Rfd2 bxc4 40. b4 c3 41. Rc2 Rc4 42. Qa8 Rxb4+ 43. Kc1 Rxg4 44. Qb8 Rg1+ 45. Rd1 Rxd1+ 46. Kxd1 Rd7+ 47. Ke2 Qf6 48. Qg3 Kg7 49. Qf3 Rd2+ 50. Rxd2 Qxf3+ 51. Kxf3 cxd2 52. Ke2 Bb4 53. a3 Bxa3 54. Kxd2 f5 55. Kd3 Kf6 56. Kd4 g4 57. e4 g3 58. e5+ Kg5 59. Ke3 Kg4 60. Ke2 Bc5 61. Kf1 Kf3 62. Ke1 g2 63. Kd2 g1=Q 64. Kd3 Qd4+ 65. Kc2 Ke3 66. Kb3 f4 67. Ka2 Qc3 68. Kb1 Qd2 69. Ka1 Bd4+ 70. Kb1 Qb2# 0-1


[Site "https://www.chess.com"]

[Event "Titled Tuesday Blitz April 05 Late 2022"]
[White "Winkels, Marcel"]
[Black "Foisor, Sabina-Francesca"]
[WhiteFideId "1003887"]
[BlackFideId "1212915"]
[WhiteElo "1900"]
[BlackElo "2243"]
[Result "1-0"]
[Round "03"]
[TimeControl "180+1"]
[Date "2022.04.06"]
[WhiteClock "0:00:28"]
[BlackClock "0:00:03"]

1. e4 c6 2. d4 d5 3. exd5 cxd5 4. c4 Nf6 5. Nc3 g6 6. cxd5 Bg7 7. Bb5+ Nbd7 8. d6 exd6 9. Qe2+ Qe7 10. Bf4 Qxe2+ 11. Bxe2 Ke7 12. Bf3 Rd8 13. Nge2 Nf8 14. d5 h6 15. O-O g5 16. Be3 Ng6 17. h3 Ne5 18. Nd4 Kf8 19. Rfe1 a6 20. Rac1 Bd7 21. Be2 Re8 22. Bf1 Rac8 23. Nb3 Nc4 24. Bxc4 Rxc4 25. Na5 Rb4 26. b3 b5 27. Nb7 g4 28. Nxd6 Rd8 29. Bc5 Rf4 30. Nb7+ Kg8 31. Nxd8 gxh3 32. g3 Rf5 33. Rcd1 Ng4 34. Ne4 h5 35. Nc6 h2+ 36. Kg2 Kh7 37. Ne7 Re5 38. f4 Rxe7 39. Bxe7 h4 40. gxh4 Nh6 41. Ng5+ Kg6 42. d6 Nf5 43. Kxh2 Nxh4 44. Re3 f6 45. Ne6 Bh6 46. Nf8+ Kf5 47. Nxd7 1-0


[Site "https://www.chess.com"]

[Event "Titled Tuesday Blitz April 05 Late 2022"]
[White "Xiong, Jeffery"]
[Black "Bazeev, German"]
[WhiteFideId "2047640"]
[BlackFideId "24119350"]
[WhiteElo "2727"]
[BlackElo "2493"]
[Result "1-0"]
[Round "03"]
[TimeControl "180+1"]
[Date "2022.04.05"]
[WhiteClock "0:02:01"]
[BlackClock "0:02:32"]

1. e4 c5 2. Nf3 Nf6 3. e5 Nd5 4. Nc3 Nxc3 5. dxc3 e6 6. Bf4 Qb6 7. Rb1 Nc6 8. h4 h6 9. h5 Qc7 10. Rh3 b6 11. Bd3 Bb7 12. Kf1 O-O-O 13. Qe2 d5 14. exd6 Bxd6 15. Bxd6 Rxd6 16. Rg3 f6 17. Re1 e5 18. Nh4 Ne7 19. Rxg7 Rg8 20. Rxg8+ 1-0


[Site "https://www.chess.com"]

[Event "Titled Tuesday Blitz April 05 Late 2022"]
[White "Yuan, Qingyu"]
[Black "Moral Garcia, Serafin"]
[WhiteFideId "8609772"]
[BlackFideId "2201925"]
[WhiteElo "2359"]
[BlackElo "2228"]
[Result "1-0"]
[Round "03"]
[TimeControl "180+1"]
[Date "2022.04.06"]
[WhiteClock "0:01:17"]
[BlackClock "0:01:49"]

1. e4 e5 2. Nf3 Nc6 3. Bc4 Bc5 4. d3 Nf6 5. Bg5 a6 6. c3 d6 7. Nbd2 Ba7 8. a4 Qe7 9. b4 Nd8 10. O-O Ne6 11. Be3 O-O 12. Re1 h6 13. Bxa7 Rxa7 14. d4 Nf4 15. g3 Ng6 16. Kg2 Ra8 17. Qb3 Nh5 18. Kh1 Bg4 19. Bf1 Qd7 20. Bg2 Kh8 21. Qc4 f5 22. exf5 Rxf5 23. dxe5 dxe5 24. Qxg4 1-0


[Site "https://www.chess.com"]

[Event "Titled Tuesday Blitz April 05 Late 2022"]
[White "Yurtseven, Melih"]
[Black "Romero Ruscalleda, Josep"]
[WhiteFideId "6312160"]
[BlackFideId "2231859"]
[WhiteElo "2160"]
[BlackElo "2294"]
[Result "0-1"]
[Round "03"]
[TimeControl "180+1"]
[Date "2022.04.06"]
[WhiteClock "0:00:01"]
[BlackClock "0:00:23"]

1. Nf3 g6 2. g3 Bg7 3. Bg2 d6 4. O-O e5 5. d3 f5 6. e4 Ne7 7. Nc3 O-O 8. d4 fxe4 9. Nxe4 d5 10. Nc5 e4 11. Ng5 Rf6 12. f3 b6 13. Nb3 h6 14. Nh3 exf3 15. Rxf3 Bg4 16. Nf4 g5 17. Nd3 Nd7 18. h3 Bxf3 19. Bxf3 Qf8 20. Kg2 c6 21. Bd2 Qf7 22. Bh5 Qe6 23. Qe1 Raf8 24. Qxe6+ Rxe6 25. Bg4 Nf5 26. Rf1 Ref6 27. Ne5 Nxe5 28. dxe5 Nh4+ 29. gxh4 Rxf1 30. Be3 Bxe5 31. hxg5 hxg5 32. c3 Rb1 33. Nd4 Rxb2+ 34. Kg1 Bf4 35. Bf2 c5 36. Ne6 Rf6 0-1


[Site "https://www.chess.com"]

[Event "Titled Tuesday Blitz April 05 Late 2022"]
[White "Abdyzhapar, Asylbek"]
[Black "Paravyan, David"]
[WhiteFideId "13800337"]
[BlackFideId "4194985"]
[WhiteElo "2331"]
[BlackElo "2569"]
[Result "1-0"]
[Round "04"]
[TimeControl "180+1"]
[Date "2022.04.05"]
[WhiteClock "0:00:15"]
[BlackClock "0:00:06"]

1. d4 Nf6 2. Bf4 g6 3. Nc3 d5 4. e3 Bg7 5. h4 h5 6. Be2 O-O 7. Nf3 c5 8. Ne5 Nc6 9. Qd2 Bf5 10. f3 cxd4 11. exd4 Qb6 12. O-O-O Rac8 13. Na4 Qd8 14. Nc5 Nxe5 15. Bxe5 Kh7 16. Bd3 Bh6 17. Bf4 Bxf4 18. Qxf4 Bxd3 19. Nxd3 Qc7 20. Qxc7 Rxc7 21. c3 e6 22. Kd2 Kg7 23. a4 Rfc8 24. a5 Rb8 25. Ne5 Nd7 26. Nxd7 Rxd7 27. Ra1 Rc8 28. Ra3 Rc6 29. Rb3 Rc8 30. Ra1 Kf6 31. Ra4 Kf5 32. Ke3 f6 33. Rab4 Rcc7 34. Rb5 g5 35. hxg5 fxg5 36. Ra3 h4 37. Ra1 Rg7 38. Kf2 Rgf7 39. Re1 g4 40. Re5+ Kf4 41. Rxe6 g3+ 42. Kf1 h3 43. Rxd5 Rce7 44. Rxe7 Rxe7 45. gxh3 Re3 46. Rd7 Rxf3+ 47. Kg1 Rd3 48. Rf7+ Kg5 49. Rxb7 Rd2 50. a6 Kf4 51. Rf7+ Ke3 52. Rxa7 Rxb2 53. Rg7 Kf3 54. Rf7+ Ke3 55. a7 Ra2 56. h4 Ke4 57. h5 Kd5 58. h6 Ke6 59. h7 Kxf7 60. h8=Q 1-0


[Site "https://www.chess.com"]

[Event "Titled Tuesday Blitz April 05 Late 2022"]
[White "Adewumi, Tanitoluwa"]
[Black "Almagro Mazariegos, Sebastian"]
[WhiteFideId "30966396"]
[BlackFideId "2221640"]
[WhiteElo "2542"]
[BlackElo "2273"]
[Result "1-0"]
[Round "04"]
[TimeControl "180+1"]
[Date "2022.04.06"]
[WhiteClock "0:00:23"]
[BlackClock "0:00:49"]

1. e4 c5 2. Nf3 d6 3. Bb5+ Bd7 4. Bxd7+ Qxd7 5. O-O Nc6 6. c3 Nf6 7. Re1 e6 8. d4 cxd4 9. cxd4 d5 10. exd5 Nxd5 11. Nc3 Be7 12. Qb3 O-O 13. Be3 Nxc3 14. bxc3 Na5 15. Qc2 Nc4 16. Bg5 Bd6 17. Re4 Rac8 18. Rae1 b5 19. Rh4 f5 20. Bc1 Rfe8 21. Qe2 a6 22. Ng5 Be7 23. Qh5 Bxg5 24. Qxh7+ Kf7 25. Qh5+ Kg8 26. Bxg5 Nd6 27. Bf6 1-0


[Site "https://www.chess.com"]

[Event "Titled Tuesday Blitz April 05 Late 2022"]
[White "Aldokhin, Ivan"]
[Black "Ladan, Nicholas"]
[WhiteFideId "24115720"]
[BlackFideId "30918855"]
[WhiteElo "2618"]
[BlackElo "2382"]
[Result "0-1"]
[Round "04"]
[TimeControl "180+1"]
[Date "2022.04.06"]
[WhiteClock "0:00:01"]
[BlackClock "0:00:08"]

1. e4 e5 2. Nf3 Nc6 3. Bb5 a6 4. Ba4 g6 5. Nc3 Bg7 6. h4 h6 7. d3 Nf6 8. Bxc6 dxc6 9. Nxe5 Nxe4 10. Nxe4 Bxe5 11. Be3 Bxb2 12. Rb1 Bg7 13. Qd2 f5 14. Nc3 Qe7 15. g3 O-O 16. O-O Kh7 17. Rfe1 Qf6 18. Ne2 b6 19. Bd4 Qf7 20. Bxg7 Qxg7 21. Nf4 Bd7 22. h5 g5 23. Ne6 Bxe6 24. Rxe6 Rf6 25. Rbe1 Raf8 26. d4 R8f7 27. Qc3 Rxe6 28. Rxe6 c5 29. Qf3 Qxd4 30. Qc6 Qg7 31. Rg6 Qf8 32. Re6 Qg7 33. Qd5 a5 34. Rg6 Qf8 35. Rc6 Qg7 36. Qc4 Qa1+ 37. Kh2 Qg7 38. Re6 Re7 39. Rg6 Qf7 40. Qc3 Re6 41. Rxe6 Qxe6 42. Qf3 Qf7 43. Qc6 Qxh5+ 44. Kg1 Qf7 45. Qb7 Kg6 46. a3 Kg7 47. Qc6 Kh7 48. Qb7 Qd7 49. Qb8 a4 50. Qf8 Kg6 51. Qg8+ Kh5 52. Qc4 Qd4 53. Qf7+ Kg4 54. Qe6 Qe4 55. Qd7 Kh3 56. Kf1 Qxc2 57. Qc8 Qd1# 0-1


[Site "https://www.chess.com"]

[Event "Titled Tuesday Blitz April 05 Late 2022"]
[White "Ansh M Shah"]
[Black "Mohammadian, Mohammad"]
[WhiteFideId "25033379"]
[BlackFideId "12566055"]
[WhiteElo "1819"]
[BlackElo "1544"]
[Result "1-0"]
[Round "04"]
[TimeControl "180+1"]
[Date "2022.04.06"]
[WhiteClock "0:01:35"]
[BlackClock "0:00:53"]

1. d4 Nf6 2. c4 g6 3. Nc3 d5 4. e4 dxe4 5. f3 exf3 6. Nxf3 Bg7 7. Bf4 O-O 8. Be2 c6 9. O-O Bg4 10. h3 Bxf3 11. Bxf3 Nbd7 12. d5 cxd5 13. Nxd5 Nxd5 14. Bxd5 Nf6 15. Bf3 Nd7 16. Kh1 Bxb2 17. Rb1 Be5 18. Bh6 Re8 19. Rxb7 Nc5 20. Rb5 Bd6 21. Bxa8 Qxa8 22. Qd5 Qc8 23. Qxf7+ Kh8 24. Bg7# 1-0


[Site "https://www.chess.com"]

[Event "Titled Tuesday Blitz April 05 Late 2022"]
[White "Araujo Filho, Luiz Antonio Coel"]
[Black "Petrovic, Aleksa"]
[WhiteFideId "2130661"]
[BlackFideId "967629"]
[WhiteElo "2264"]
[BlackElo "2198"]
[Result "1-0"]
[Round "04"]
[TimeControl "180+1"]
[Date "2022.04.06"]
[WhiteClock "0:00:25"]
[BlackClock "0:00:04"]

1. d4 Nf6 2. Nf3 e6 3. e3 b6 4. Bd3 Bb7 5. Nbd2 c5 6. Qe2 Be7 7. O-O O-O 8. c3 a6 9. e4 Nc6 10. a3 d6 11. e5 Nd5 12. Ne4 cxd4 13. cxd4 dxe5 14. dxe5 h6 15. Ng3 Na5 16. Bb1 Qd7 17. Nh5 g6 18. Qd2 Rfd8 19. Qxh6 Bf8 20. Qg5 Nb3 21. Bxg6 fxg6 22. Qxg6+ Kh8 23. Ng5 Nxa1 24. Nf7+ Qxf7 25. Qxf7 Bc6 26. Bg5 Be8 27. Qxf8+ 1-0


[Site "https://www.chess.com"]